Map: Dusk Towers

Players

Fropez

  • Race: Protoss Protoss
  • League: Silver
  • Spawn Location: 7:00

Calcfriend - Winner!

  • Race: Protoss Protoss
  • League: Silver
  • Spawn Location: 1:00

VOD

Have the link to the VOD?

Description

Time

  • Played on: April 28, 2016, 6:35 p.m.
  • Length: 12:11
Show
View Real Time Build Order
Export as new Build Order

Fropez Protoss 

Build Orders: 1 Gate Expand 

Get SALT Encoding   

  12  0:16  Pylon  
  12  0:18  Probe (Chrono Boost)  
  13  0:32  Probe (Chrono Boost)  
  14  0:40  Gateway  
  14  0:42  Pylon  
  14  0:47  Probe (Chrono Boost)  
  15  0:57  Probe (Chrono Boost)  
  16  1:08  Probe (Chrono Boost)  
  17  1:18  Probe (Chrono Boost)  
  18  1:29  Probe (Chrono Boost)  
  19  1:33  Nexus  
  20  1:40  Probe (Chrono Boost)  
  20  1:53  Cybernetics Core  
  20  2:03  Probe (Chrono Boost)  
  21  2:09  Assimilator  
  21  2:13  Probe (Chrono Boost)  
  21  2:14  Assimilator  
  22  2:16  Zealot  
  24  2:23  Pylon  
  24  2:24  Probe (Chrono Boost)  
  25  2:34  Probe (Chrono Boost)  
  26  2:55  Probe (Chrono Boost)  
  26  3:16  Probe x2 (Chrono Boost)  
  28  3:20  Assimilator  
  28  3:24  Assimilator  
  28  3:26  Probe (Chrono Boost)  
  29  3:27  Probe (Chrono Boost), Gateway  
  29  3:28  Pylon  
  30  3:34  Pylon  
  30  3:35  Warp Gate  
  30  3:38  Probe (Chrono Boost)  
  30  3:39  Mothership Core (Chrono Boost)  
  33  4:06  Probe x2 (Chrono Boost)  
  35  4:10  Stargate  
  35  4:11  Stargate  
  35  4:15  Robotics Facility  
  35  4:19  Probe (Chrono Boost)  
  35  4:20  Probe (Chrono Boost)  
  37  4:26  Pylon  
  37  4:32  Probe (Chrono Boost)  
  37  4:37  Probe (Chrono Boost)  
  39  4:42  Probe (Chrono Boost)  
  40  4:47  Probe (Chrono Boost)  
  41  4:53  Oracle  
  41  4:55  Oracle  
  47  5:04  Probe (Chrono Boost)  
  47  5:05  Probe (Chrono Boost)  
  49  5:07  Observer  
  50  5:14  Probe (Chrono Boost)  
  50  5:15  Probe (Chrono Boost)  
  51  5:22  Pylon  
  51  5:25  Probe (Chrono Boost)  
  51  5:26  Probe (Chrono Boost)  
  53  5:30  Void Ray  
  57  5:52  Stalker  
  57  5:53  Probe (Chrono Boost)  
  57  5:54  Probe (Chrono Boost)  
  57  5:55  Void Ray  
  65  6:13  Void Ray  
  69  6:38  Void Ray (Chrono Boost)  
  73  6:42  Probe (Chrono Boost)  
  73  6:43  Probe (Chrono Boost)  
  75  6:50  Forge  
  75  6:51  Pylon  
  71  6:57  Probe (Chrono Boost)  
  71  6:58  Probe (Chrono Boost)  
  71  7:00  Void Ray (Chrono Boost)  
  77  7:08  Pylon, Probe  
  77  7:10  Pylon  
  77  7:11  Observer  
  79  7:16  Pylon  
  79  7:18  Pylon  
  79  7:19  Void Ray (Chrono Boost)  
  83  7:24  Pylon  
  83  7:27  Assimilator  
  83  7:29  Nexus  
  83  7:31  Probe  
  83  7:32  Probe, Assimilator  
  83  7:34  Pylon  
  85  7:42  Void Ray (Chrono Boost)  
  89  7:49  Photon Cannon  
  86  8:19  Probe x2  
  75  9:09  Void Ray (Chrono Boost)  
  71  9:10  Void Ray (Chrono Boost)  
  71  9:19  Stargate  
  71  9:20  Probe x2  
  71  9:22  Probe, Stargate  
  74  9:24  Fleet Beacon  
  74  9:30  Zealot x2  
  78  9:33  Probe x2  
  80  9:38  Gateway  
  80  9:39  Gateway  
  80  9:40  Pylon  
  80  9:43  Photon Cannon  
  80  9:44  Photon Cannon  
  80  9:48  Photon Cannon  
  80  9:49  Photon Cannon  
  79  10:07  Oracle x2 (Chrono Boost)  
  84  10:16  Zealot x2  
  84  10:20  Probe  
  88  10:22  Probe  
  88  10:23  Twilight Council, Immortal  
  94  10:29  Probe  
  94  10:31  Probe  
  96  10:38  Oracle (Chrono Boost)  
  96  10:39  Oracle (Chrono Boost)  
  102  10:57  Photon Cannon  
  96  11:11  Probe, Stalker x2  
  100  11:23  Immortal (Chrono Boost)  
  104  11:34  Photon Cannon  
  104  11:36  Photon Cannon  
  104  11:37  Pylon x2  
  104  11:38  Pylon  
  104  11:39  Pylon  
Show
View Real Time Build Order
Export as new Build Order

Calcfriend Protoss - Winner!

Build Orders: 1 Gate Expand 

Get SALT Encoding   

  12  0:02  Probe (Chrono Boost)  
  13  0:18  Probe (Chrono Boost)  
  13  0:20  Pylon  
  14  0:29  Probe (Chrono Boost)  
  15  0:39  Probe (Chrono Boost)  
  16  0:46  Gateway  
  17  0:50  Probe (Chrono Boost)  
  17  1:00  Probe (Chrono Boost)  
  18  1:11  Probe (Chrono Boost)  
  19  1:23  Probe (Chrono Boost)  
  20  1:27  Nexus  
  20  1:33  Probe (Chrono Boost)  
  21  1:40  Assimilator  
  21  1:44  Probe (Chrono Boost), Assimilator  
  22  1:59  Cybernetics Core  
  22  2:23  Pylon  
  22  2:38  Probe (Chrono Boost), Stalker (Chrono Boost)  
  25  2:51  Probe  
  25  2:53  Probe  
  27  3:03  Probe  
  28  3:08  Stalker (Chrono Boost)  
  30  3:19  Probe  
  30  3:20  Probe  
  30  3:21  Stargate, Gateway  
  32  3:29  Probe  
  32  3:33  Forge  
  33  3:35  Probe  
  33  3:36  Pylon  
  33  3:40  Probe  
  34  3:44  Pylon  
  35  3:49  Pylon  
  35  3:50  Warp Gate  
  37  3:55  Stalker (Chrono Boost)  
  37  4:00  Probe  
  37  4:02  Probe  
  39  4:18  Probe, Assimilator, Photon Cannon  
  39  4:20  Probe, Photon Cannon  
  39  4:22  Assimilator  
  41  4:26  Oracle (Chrono Boost)  
  41  4:29  Probe  
  45  4:39  Photon Cannon  
  45  4:40  Probe  
  45  4:43  Probe  
  47  4:53  Probe  
  47  4:54  Pylon, Probe  
  49  5:03  Photon Cannon  
  49  5:07  Probe, Stalker x2  
  49  5:08  Probe  
  55  5:14  Twilight Council  
  55  5:18  Probe  
  55  5:21  Mothership Core  
  58  5:32  Protoss Ground Armor Level 1  
  58  5:41  Gateway  
  58  5:44  Gateway  
  58  5:46  Gateway  
  58  5:59  Stalker x2  
  58  6:00  Probe  
  58  6:02  Probe  
  64  6:08  Pylon  
  64  6:10  Pylon  
  59  6:32  Photon Cannon  
  56  6:41  Blink (Chrono Boost)  
  53  7:06  Phoenix  
  55  7:10  Stalker x5  
  65  7:27  Protoss Ground Weapons Level 1  
  65  8:08  Stalker x5  
  73  8:36  Stalker x4  
  73  8:37  Stalker  
  66  9:13  Stalker x3  
  66  9:14  Stalker x2  
  76  9:19  Probe  
  76  9:20  Probe  
  78  9:38  Pylon  
  78  9:54  Probe  
  78  9:56  Probe  
  76  10:04  Stalker x2  
  76  10:05  Stalker x3  
  86  10:44  Pylon  
  86  10:46  Pylon x2  
  86  10:48  Pylon  
  86  10:50  Pylon  
  86  10:53  Pylon, Photon Cannon  
  86  10:55  Photon Cannon  
  86  11:01  Probe  
  86  11:02  Probe  
  88  11:11  Probe, Stalker x2  
  88  11:12  Stalker x3  
  88  11:14  Probe  
Tags
 
Add a new tag
Caveats
  • Supply blocks, unpowered buildings, or Contaminate may cause inaccurate times.
  • Supply counts are checked every 10 seconds.